Construct Infanterie Kompanie
Selects Mechanized Battlegroup
Construct Panzergrenadier Kompanie
Selects Mobile Repair Stations
Selects Wespe Self-propelled Artillery
Wespe Self-propelled Artillery
Construct Luftwaffe Kompanie
Selects Zeroing Artillery Barrage
Zeroing Artillery Barrage
Selects 8 Rad Armored Car
Selects UNKNOWN (2160084)
Construct Panzer Kompanie
Zeroing Artillery Barrage
Pak 40 Anti-tank Gun Team
Pak 40 Anti-tank Gun Team